 Dungeon Crawl Stone Soup version 0.26-a0-812-g31a745ddcd (webtiles) character file.

Game seed: 8998596338654093423

8146 Borgoz the Slicer (level 11, -6/72 HPs)
             Began as a Kobold Berserker on Oct 1, 2020.
             Was an Elder of Trog.
             Mangled by a red ugly thing (18 damage)
             ... on level 11 of the Dungeon on Dec 5, 2020.
             The game lasted 00:20:40 (10890 turns).

Borgoz the Slicer (Kobold Berserker)               Turns: 10890, Time: 00:20:40

Health: -6/72      AC: 16    Str: 17    XL:     11   Next: 50%
Magic:  11/11      EV: 20    Int: 13    God:    Trog [****..]
Gold:   816        SH:  0    Dex: 15    Spells: 10/10 levels left

rFire    . . .     SeeInvis .   a - +0 rapier (venom)
rCold    + . .     Faith    .   (shield restricted)
rNeg     . . .     Spirit   .   x - +4 ring mail of the Lair of Beasts {Int+4}
rPois    .         Reflect  .   C - +0 hat
rElec    .         Harm     .   m - +2 cloak of the Six Saving Seers {MR+}
rCorr    +         Rampage  .   v - +0 pair of gloves
MR       +++..                  t - +0 pair of boots
Stlth    +++.......             (no amulet)
HPRegen  1.22/turn              k - ring of resist corrosion
MPRegen  0.12/turn              J - ring of protection from cold (curse)

@: regenerating
A: small, nightstalker 3
a: Berserk, Trog's Hand, Brothers in Arms, Renounce Religion


You were on level 11 of the Dungeon.
You worshipped Trog.
Trog was greatly pleased with you.
You visited 2 branches of the dungeon, and saw 12 of its levels.
You also visited: Bailey.

You collected 816 gold pieces.

Inventory:

Hand Weapons
 a - a +0 rapier of venom (weapon)
 b - a +2 falchion of protection
 K - a +1 dagger of electrocution
Armour
 m - the +2 cloak of the Six Saving Seers (worn) {MR+}
   (You acquired it on level 9 of the Dungeon)

   It affects your resistance to hostile enchantments.
 t - a +0 pair of boots (worn)
 v - a +0 pair of gloves (worn)
 x - the +4 ring mail of the Lair of Beasts (worn) {Int+4}
   (You found it on level 5 of the Dungeon)

   It affects your intelligence (+4).
 A - +0 swamp dragon scales
 C - a +0 hat (worn)
Jewellery
 k - a ring of resist corrosion (left hand)
 J - a cursed ring of protection from cold (right hand)
Wands
 y - a wand of acid (8)
 D - a wand of flame (50)
Scrolls
 e - 4 scrolls of enchant armour
 g - 2 scrolls of random uselessness {unknown}
 h - 5 scrolls of enchant weapon {unknown}
 j - 3 scrolls of magic mapping
 l - 8 scrolls of remove curse
 n - 3 scrolls of amnesia {unknown}
 o - 2 scrolls of teleportation {unknown}
 p - 2 scrolls of fear {unknown}
 r - 2 scrolls of blinking
 w - a scroll of torment {unknown}
 z - a scroll of summoning {unknown}
 H - a scroll of silence {unknown}
Potions
 c - 4 potions of curing
 f - 3 potions of might
 i - a potion of lignification
 q - 5 potions of mutation
 s - 3 potions of flight
 u - 4 potions of resistance
 B - 2 potions of attraction
 E - a potion of ambrosia
 F - 2 potions of heal wounds
 G - a potion of cancellation {unknown}
 I - a potion of berserk rage {unknown}


   Skills:
 * Level 9.8 Fighting
 * Level 11.5 Short Blades
 * Level 7.3 Armour
 * Level 10.3 Dodging
 - Level 4.1 Stealth


You had 10 spell levels left.
You didn't know any spells.
Your spell library was empty.

Dungeon Overview and Level Annotations

Branches:
Dungeon (11/15)            Temple (1/1) D:5            Lair (0/6) D:9
 Bailey (visited)
    Orc: D:9-12

Altars:
Ashenzari
Cheibriados
Dithmenos
Elyvilon
Fedhas
Gozag
Hepliaklqana
Kikubaaqudgha
Makhleb
Nemelex Xobeh
Okawaru
Qazlal
Ru
Sif Muna
Trog
Uskayaw
Vehumet
Wu Jian
Xom
Yredelemnul
Zin
The Shining One

Shops:
D:6 :

Annotations:
D:10 2 transporters, tof's ghost, novice MiBe


Innate Abilities, Weirdness & Mutations

You are small and have problems with some larger weapons.
You are completely attuned to the shadows.


Message History

The red ugly thing tail-slaps you.
You are engulfed in flames!!
You fail to use your ability.
The red ugly thing misses you.
You fail to use your ability.
The red ugly thing tail-slaps you but does no damage.
You fail to use your ability.
A troll comes into view.
The red ugly thing tail-slaps you.
You are engulfed in flames!
Your skin crawls.
You feel resistant to hostile enchantments.
The red ugly thing misses you.
You fail to use your ability.
The red ugly thing tail-slaps you.
You are engulfed in flames!
* * * LOW HITPOINT WARNING * * *
Okay, then.
You fail to use your ability.
The troll bites you but does no damage. The troll closely misses you.
The troll barely misses you. The red ugly thing tail-slaps you.
* * * LOW HITPOINT WARNING * * *
You are engulfed in flames!!
You die...

..........
..........
###..##### #..#
#..# #..# #..#
#.<#
###..#####..##
.....u..†.......
.(...T@.........
#..####..####..#
#. #..# ..# #
#..# #..# #..#
#..# #..# #..#


You could see a red ugly thing and a troll.

Vanquished Creatures
  A two-headed ogre (D:10)
  An unseen horror (D:9)
  A gargoyle (D:10)
  2 molten gargoyles (D:11)
  Maggie (D:7)
  Prince Ribbit (D:9)
  6 orc warriors
  4 ice beasts
  A phantom (D:6)
  2 black bears
  3 centaurs
  5 ogres
  2 ghosts
  A big kobold (D:10)
  3 bullfrogs
  5 scorpions
  4 killer bees (D:7)
  4 wights (D:11)
  A troll skeleton (D:9)
  5 spriggan skeletons (D:9)
  A centaur zombie (D:11)
  A howler monkey (D:9)
  A quasit (D:10)
  3 hounds
  A lava snake (D:10)
  4 bullfrog zombies
  3 orc priests
  8 orc wizards
  2 bullfrog skeletons
  A centaur skeleton (D:4)
  4 jellies
  Jessica (D:2)
  A hell rat (D:9)
  2 iguanas
  6 worker ants
  2 hound zombies (D:4)
  A hound skeleton (D:9)
  2 howler monkey zombies
  A worker ant zombie (D:4)
  17 gnolls
  8 adders
  3 ufetubi
  5 adder zombies
  An adder skeleton (D:6)
  3 worms
  A dart slug (D:4)
  8 leopard geckos
  15 orcs
  A ball python (D:1)
  6 giant cockroaches
  10 hobgoblins
  2 jackals (D:6)
  19 kobolds
  A ball python zombie (D:4)
  8 bats
  2 frilled lizards
  11 goblins
  A jackal skeleton (D:4)
  A jackal zombie (D:4)
  2 leopard gecko skeletons
  2 leopard gecko zombies (D:4)
  2 quokka zombies
  6 rats
233 creatures vanquished.

Vanquished Creatures (collateral kills)
  3 death yaks (D:9)
  2 molten gargoyles (D:11)
  A soldier ant (D:11)
  A black bear (D:10)
  A centaur (D:9)
  A lava snake (D:11)
  An orc priest (D:9)
  2 hell rats (D:9)
  5 orcs
17 creatures vanquished.

Grand Total: 250 creatures vanquished

Notes
Turn   | Place    | Note
-------+----------+-------------------------------------------
     0 | D:1      | Borgoz the Kobold Berserker began the quest for the Orb.
     0 | D:1      | Reached XP level 1. HP: 14/14 MP: 1/1
   283 | D:1      | Reached XP level 2. HP: 19/19 MP: 2/2
   527 | D:1      | Reached skill level 1 in Stealth
   527 | D:1      | Reached XP level 3. HP: 24/24 MP: 3/3
  1101 | D:2      | Noticed an ogre
  1106 | D:2      | Killed an ogre
  1106 | D:2      | Reached XP level 4. HP: 24/29 MP: 4/4
  1106 | D:2      | Reached XP level 5. HP: 27/33 MP: 5/5
  1190 | D:2      | Reached skill level 5 in Short Blades
  1504 | D:2      | Found a white marble altar of Elyvilon.
  1506 | D:2      | Found a shadowy altar of Dithmenos.
  1507 | D:2      | Found a snail-covered altar of Cheibriados.
  1507 | D:2      | Found a shimmering altar of Xom.
  1507 | D:2      | Found a sparkling altar of Nemelex Xobeh.
  1513 | D:2      | Found a stormy altar of Qazlal.
  1514 | D:2      | Found a hide-covered altar of Uskayaw.
  1514 | D:2      | Noticed Jessica
  1522 | D:2      | Killed Jessica
  1522 | D:2      | Reached ** piety under Trog
  1522 | D:2      | Reached XP level 6. HP: 32/39 MP: 6/6
  2809 | D:4      | Found a snail-covered altar of Cheibriados.
  3104 | D:4      | Reached XP level 7. HP: 41/44 MP: 7/7
  3328 | D:4      | Reached skill level 5 in Fighting
  3344 | D:4      | Reached *** piety under Trog
  3467 | D:4      | Reached skill level 6 in Short Blades
  3568 | D:4      | Reached skill level 5 in Dodging
  3703 | D:4      | Reached XP level 8. HP: 50/50 MP: 8/8
  4232 | D:5      | Entered Level 5 of the Dungeon
  4423 | D:5      | Got a crude ring mail
  4434 | D:5      | Identified the +4 ring mail of the Lair of Beasts {Int+4}
                  | (You found it on level 5 of the Dungeon)
  4600 | D:5      | Found a staircase to the Ecumenical Temple.
  4637 | Temple   | Entered the Ecumenical Temple
  4989 | D:5      | Found a blossoming altar of Fedhas.
  5274 | D:6      | Reached skill level 7 in Short Blades
  5284 | D:6      | Found Kilutor's Book Boutique.
  5827 | D:6      | Found a bloodstained altar of Trog.
  5984 | D:7      | Reached XP level 9. HP: 51/56 MP: 9/9
  6000 | D:7      | Reached **** piety under Trog
  6018 | D:7      | Found an iron altar of Okawaru.
  6040 | D:7      | Reached skill level 8 in Short Blades
  6422 | D:7      | Noticed Maggie
  6426 | D:7      | Killed Maggie
  6426 | D:7      | Reached skill level 5 in Armour
  6757 | D:8      | Upgraded the game from 0.26-a0-651-gb41185065b to
                  | 0.26-a0-812-g31a745ddcd
  6964 | D:8      | Reached skill level 9 in Short Blades
  6987 | D:8      | Reached XP level 10. HP: 64/64 MP: 10/10
  7174 | D:9      | Found a flagged portal.
  7199 | Bailey   | Entered a bailey
  7486 | Bailey   | Found an iron altar of Okawaru.
  7863 | D:9      | Noticed Prince Ribbit
  7879 | D:9      | Killed Prince Ribbit
  7901 | D:9      | Identified a scroll of acquirement
  7902 | D:9      | Acquired the +2 cloak of the Six Saving Seers {MR+}
  7934 | D:9      | Reached skill level 10 in Short Blades
  8054 | D:9      | Found a staircase to the Lair.
  8199 | D:9      | Noticed a death yak
  8199 | D:9      | Noticed a death yak
  8200 | D:9      | Noticed a death yak
  8219 | D:9      | Killed a death yak
  8222 | D:9      | Killed a death yak
  8226 | D:9      | Killed a death yak
  8695 | D:9      | Killed an unseen horror
  8695 | D:9      | Reached XP level 11. HP: 26/71 MP: 11/11
  9039 | D:10     | Entered Level 10 of the Dungeon
  9058 | D:10     | Found a transporter.
  9061 | D:10     | Found a transporter.
  9061 | D:10     | Noticed tof's ghost (novice MiBe)
  9130 | D:10     | Noticed a two-headed ogre
  9146 | D:10     | Killed a two-headed ogre
  9146 | D:10     | Reached skill level 11 in Short Blades
  9526 | D:10     | Reached skill level 10 in Dodging
  9968 | D:10     | Found a shimmering altar of Xom.
 10879 | D:11     | Noticed a red ugly thing
 10890 | D:11     | Mangled by a red ugly thing

Illustrated notes

Levels and vault maps discovered:
D:1:      dpeg_arrival_more_subterranean_lakeside_camping, layout_basic
D:2:      layout_basic, grunt_temple_overflow_open, kennysheep_nub,
          minmay_misc_feat_columns, lemuel_another_geyser, uniq_jessica
D:3:      layout_rooms
D:4:      layout_gridville, serial_undead, serial_undead_a, serial_undead_c,
          serial_undead_e, serial_undead_b, serial_undead_a, serial_undead_b,
          kennysheep_slug_shrine
D:5:      layout_basic, fedhas_altar_1, minmay_temple_entry_overgrown
D:6:      layout_cave_pools, serial_shops, shop, trog_hazing_becter
D:7:      layout_rooms, okawaru_trees_2, uniq_maggie
D:8:      layout_basic
D:9:      layout_roguey, dpeg_lair_monsters, enter_bailey_1,
          chequers_serial_rivers_micro_e, hangedman_tell_no_tales,
          uniq_prince_ribbit1
D:10:     layout_stronghold, basic_altar, gammafunk_ghost_arena,
          kennysheep_generic_room_2
D:11:     layout_small_grid, minivault_8
Temple:   eino_temple_lava

Skill      XL: |  1  2  3  4  5  6  7  8  9 10 11 |
---------------+----------------------------------+-----
Armour         | 2 3 4 5 6 7 |  7.3
Stealth        | 1 2 3 4 |  4.1
Dodging        | 3 4 5 6 7 9 10 | 10.3
Fighting       | 4 5 6 7 9 |  9.8
Short Blades   | 5 6 7 9 10 11 | 11.5

Action                   |  1- 3 |  4- 6 |  7- 9 | 10-12 || total
-------------------------+-------+-------+-------+-------++-------
Melee: Short sword       |    41 |       |       |       ||    41
       Dagger            |    17 |   136 |   311 |    98 ||   562
       Rapier            |       |       |       |   257 ||   257
       Falchion          |       |       |       |     4 ||     4
Throw: Throwing net      |       |       |       |     1 ||     1
Invok: Berserk           |     1 |     2 |     3 |     3 ||     9
       Brothers in Arms  |       |       |       |     5 ||     5
       Trog's Hand       |       |       |       |     5 ||     5
Evoke: Wand              |       |       |       |    14 ||    14
  Use: Scroll            |     5 |     1 |     4 |    12 ||    22
       Potion            |       |     1 |       |     3 ||     4
 Stab: Sleeping          |     9 |     6 |    22 |     9 ||    46
       Distracted        |       |     1 |     1 |     2 ||     4
Armor: Animal skin       |     8 |     2 |       |       ||    10
       Ring mail         |       |    15 |    60 |    79 ||   154
       Skin              |       |     1 |       |       ||     1
Dodge: Dodged            |    31 |    71 |   209 |   219 ||   530
       Rpst.: Falchion   |       |       |       |     1 ||     1

Table legend: (Time is in decaauts)
 A = Elapsed time spent in this place.
 B = Non-inter-level travel time spent in this place.
 C = Inter-level travel time spent in this place.
 D = Time resting spent in this place.
 E = Time spent auto-exploring this place.
 F = Levels seen in this place.
 G = Mean time per level.
                   A        B        C        D        E       F      G
               +--------+--------+--------+--------+--------+-----+--------+
         Total |  10670 |  10313 |    357 |   2244 |   6237 |  13 |  820.8 |
       Dungeon |   9950 |   9602 |    348 |   2036 |   5968 |  11 |  904.5 |
        Temple |    272 |    263 |      9 |      0 |    263 |   1 |  272.0 |
        Bailey |    446 |    446 |      0 |    208 |      6 |   1 |  446.0 |
               +--------+--------+--------+--------+--------+-----+--------+

Top non-repeatable levels by time:
     D:4: 1764 daAuts
     D:9: 1326 daAuts
    D:10: 1317 daAuts
     D:1: 978 daAuts
     D:2: 914 daAuts
     D:5: 749 daAuts
     D:6: 671 daAuts
     D:8: 612 daAuts
     D:7: 592 daAuts
     D:3: 547 daAuts
    D:11: 476 daAuts
  Bailey: 446 daAuts
  Temple: 272 daAuts
